AoeStats
← [KMNB] Bandeira

Arabia

507339694Analyzed
2v2 RM · 15d ago on Sep 17, 2026· 12m 11s· 4 players
Game mode
Random Map
Map size
Medium (4 player)
Population
200
Speed
Normal
Resources
Standard
Victory
Conquest
Starting age
Dark Age
Ending age
Imperial Age
RankedLock teamsTeams togetherTeam positionsShared explorationLock speedFull tech treeHidden civsTurbo modeCheats
Victory
Defeat
🇺🇸 Britons · United States
1563
+12
🇫🇮 Japanese · Finland
1531
+13
🇧🇷 Magyars · Brazil
1492
-13
🇧🇷 Britons · Brazil
1452
-12
[KMNB] Dedão
6:26 Loom
9:12 Feudal Age
9:54 Double-Bit Axe
[KMNB] Bandeira
7:07 Loom
9:37 Feudal Age
10:07 Double-Bit Axe
10:21 Horse Collar
Cynthia
5:39 Loom
8:51 Feudal Age
12:10 Double-Bit Axe
dioroja
6:17 Loom
9:09 Feudal Age
9:11 Man-at-Arms
Connection lost

Rejoining the realm…

Still unreachable

The connection could not be restored.

Session expired

The server has moved on; the page needs a fresh start.